 Dungeon Crawl Stone Soup version 0.29-a0-380-gf50f0a9fbc (webtiles) character file.

Game seed: 3086915119714955418

20 Parzival71148 the Skirmisher (level 2, -2/27 HPs)
             Began as a Hill Orc Fighter on May 5, 2022.
             Succumbed to their own poison gas
             ... on level 1 of the Dungeon.
             The game lasted 00:01:24 (285 turns).

Parzival71148 the Skirmisher (Hill Orc Fighter)      Turns: 285, Time: 00:01:25

Health: -2/27      AC:  6    Str: 18    XL:     2   Next: 79%
Magic:  2/2        EV:  9    Int:  8    God:
Gold:   12         SH:  4    Dex: 10    Spells: 1/1 levels left

rFire   . . .      SeeInvis .   a - +0 war axe
rCold   . . .      Faith    .   c - +0 buckler
rNeg    . . .      Spirit   .   b - +0 scale mail
rPois   .          Reflect  .   (no helmet)
rElec   .          Harm     .   (no cloak)
rCorr   .          Rampage  .   (no gloves)
Will    .....                   (no boots)
Stlth   ..........              (no amulet)
HPRegen 0.09/turn               (no ring)
MPRegen 0.08/turn               (no ring)

@: lethally poisoned (-2 -> -42)
A: no striking features
a: no special abilities


You were on level 1 of the Dungeon.
You visited 1 branch of the dungeon, and saw 1 of its levels.

You collected 12 gold pieces.

Inventory:

Hand Weapons
 a - a +0 war axe (weapon)
Armour
 b - a +0 scale mail (worn)
 c - a +0 buckler (worn)
Potions
 d - a potion of might


   Skills:
 + Level 4.1 Fighting
 + Level 3.1 Axes
 + Level 3.5 Armour
 + Level 3.4 Shields


You had one spell level left.
You didn't know any spells.
Your spell library was empty.

Dungeon Overview and Level Annotations

Branches:
Dungeon (1/15)

Altars:


Message History

You barely miss the endoplasm. The endoplasm hits you.
The endoplasm freezes you.
You are frozen.
You slash the endoplasm!
You kill the endoplasm!
No target in view!
Things that are here:
a +0 club; a rat corpse A rat comes into view.
The rat twitches its whiskers.
You see here a scroll labelled SALAL VIPU.
The rat bites you but does no damage.
You slash the rat!
You kill the rat!
g - a scroll labelled SALAL VIPU
As you read the scroll labelled ESORUOXUIN, it crumbles to dust.
You feel aware of your surroundings.
You sensed 1 altar.
It was a scroll of magic mapping.
The air fills with toxic fumes!
As you read the scroll labelled OXOXTI PUQY, it crumbles to dust.
It was a scroll of poison.
Blink to where?
Press: ? - help, Dir - move target Really blink into that cloud of poison gas? [Y]es or [N]o only, please.
Really blink into that cloud of poison gas? [Y]es or [N]o only, please.
Really blink into that cloud of poison gas?
As you read the scroll labelled SALAL VIPU, it crumbles to dust.
It was a scroll of blinking.
You are engulfed in poison gas.
You are poisoned.
You feel very sick.
You are engulfed in poison gas.
You are lethally poisoned!
You feel very sick.
Things that are here:
a +0 club; a rat corpse You are engulfed in poison gas.
You are more poisoned.
* * * LOW HITPOINT WARNING * * *
You die...

*****,,,,,#.####......[.#*
**,**
*,,,*,,,,,#............#.#**,**
,*,**,,,,,#..........#.#,,*,**
***,*,,,,,#..###..##...#,*,**
,,,****+**##.# #..#*#.##,*,*
,,,,* *,* #.# #.§# *.#*,*,*
,,,** #.####.###§§# *.#*,*,*
*,** #..§§§§§§§§§#**,**,*,* *,*
#..§§§§§§§@§#,,,,,,*,* *,*
#.###§§#§§§§§.#**,,,,* *,*
*,.§§§.§§§§§§§# *,,,,* *,*
***,###.##§§§§§§#**,,,**
*,***,,,,...,§§§§§#§§.,,,**
,,,>*,*,,....§§§§§§§§§.,,*
,,,,,,,,.........###...#**
*,***,,,*,........,,..##
,,,**,,**,*,**,,*******


There were no monsters in sight!

Vanquished Creatures
  6 endoplasms (D:1)
  A goblin (D:1)
  2 hobgoblins (D:1)
  A quokka (D:1)
  2 ball pythons (D:1)
  2 bats (D:1)
  A kobold (D:1)
  2 rats (D:1)
17 creatures vanquished.

Notes
Turn   | Place    | Note
-------+----------+-------------------------------------------
     0 | D:1      | Parzival71148 the Hill Orc Fighter began the quest for the
                  | Orb.
     0 | D:1      | Reached XP level 1. HP: 19/19 MP: 1/1
    85 | D:1      | Reached XP level 2. HP: 24/27 MP: 2/2
   215 | D:1      | Reached skill level 4 in Fighting
   285 | D:1      | Succumbed to their own poison gas

Illustrated notes

Levels and vault maps discovered:
D:1:      dpeg_arrival_ratfight, layout_loops_ring,
          shapermc_ecumenical_altar_flowoftime

Skill      XL: |  1  2 |
---------------+-------+-----
Axes           | 3 |  3.1
Fighting       | 4 |  4.1
Armour         | |  3.5
Shields        | |  3.4

Action                   || total
-------------------------++-------
Melee: War axe           ||    22
  Use: Scroll            ||     3
Armor: Scale mail        ||     6
Dodge: Dodged            ||    10
Block: Buckler           ||     3

Table legend: (Time is in decaauts)
 A = Elapsed time spent in this place.
 B = Non-inter-level travel time spent in this place.
 C = Inter-level travel time spent in this place.
 D = Time resting spent in this place.
 E = Time spent auto-exploring this place.
 F = Levels seen in this place.
 G = Mean time per level.
                   A        B        C        D        E       F      G
               +--------+--------+--------+--------+--------+-----+--------+
         Total |    294 |    294 |      0 |      0 |    213 |   1 |  294.0 |
       Dungeon |    294 |    294 |      0 |      0 |    213 |   1 |  294.0 |
               +--------+--------+--------+--------+--------+-----+--------+

Top non-repeatable levels by time:
     D:1: 294 daAuts
